 Dungeon Sprint DCSS version 0.27-a0-1137-g3ef0f4ec91 (webtiles) character file.

Game seed: 5913602922385585415

2319 mhtbhm the Scorcher (level 9, -1/45 HPs)
             Began as a Deep Elf Fire Elementalist on May 7, 2021.
             Was an Elder of Vehumet.
             Slain by an entropy weaver (15 damage)
             ... in the Dungeon (Sprint V: "Ziggurat Sprint").
             The game lasted 00:01:56 (530 turns).

mhtbhm the Scorcher (Deep Elf Fire Elementalist)     Turns: 530, Time: 00:01:56

Health: -1/45      AC:  5    Str:  5    XL:     9   Next: 18%
Magic:  16/27      EV: 16    Int: 36    God:    Vehumet [****..]
Gold:   0          SH:  0    Dex: 15    Spells: 17/33 levels left

rFire    + . .     SeeInvis .   C - +8 lance "Wyrmbane" {slay drac, rPois rF+ rC+ AC+3}
rCold    + . .     Faith    .   (no shield)
rNeg     + . .     Spirit   .   a - +0 robe of Elyvilon's Reproof {rN+}
rPois    +         Reflect  .   (no helmet)
rElec    .         Harm     .   (no cloak)
rCorr    .         Rampage  .   (no gloves)
Will     .....     NoTele   +   (no boots)
Stlth    ++++......             (no amulet)
HPRegen  0.15/turn              u - +6 ring of intelligence
MPRegen  0.20/turn              v - +6 ring of intelligence

@: no status effects
A: no striking features
a: Renounce Religion


You were in the Dungeon.
You worshipped Vehumet.
Vehumet was greatly pleased with you.
You visited 1 branch

Inventory:

Hand Weapons
 C - the +8 lance "Wyrmbane" (weapon) {slay drac, rPois rF+ rC+ AC+3}
   (You found it in the Dungeon)

   It affects your AC (+3).
   It protects you from fire.
   It protects you from cold.
   It protects you from poison.
Armour
 a - the +0 robe of Elyvilon's Reproof (worn) {rN+}
   (You found it in the Dungeon)

   It protects you from negative energy.
Jewellery
 u - a +6 ring of intelligence (left hand)
 v - a +6 ring of intelligence (right hand)
Wands
 y - a wand of mindburst (7)
 z - a wand of iceblast (2)
 A - a wand of acid (3)
Scrolls
 h - 3 scrolls of blinking
 m - 4 scrolls of amnesia
 n - 7 scrolls of fog
 o - a scroll of holy word
 p - 5 scrolls of identify
 q - 2 scrolls of fear
Potions
 b - 2 potions of brilliance
 c - 10 potions of curing
 d - 10 potions of heal wounds
 e - 6 potions of haste
 f - 7 potions of magic
 g - 3 potions of berserk rage
 i - 2 potions of invisibility
 j - 4 potions of resistance
 k - a potion of experience
 l - 5 potions of might
Miscellaneous
 r - a tin of tremorstones (2/2)
 B - a lightning rod (4/4)
 D - a phantom mirror


   Skills:
 + Level 8.4 Dodging
 + Level 8.0 Stealth
 + Level 12.8 Spellcasting
 + Level 5.6 Conjurations
 + Level 15.2 Fire Magic
 + Level 6.5 Evocations


You had 17 spell levels left.
You knew the following spells:

 Your Spells              Type           Power      Damage    Failure   Level
a - Foxfire               Conj/Fire      100%       2x1d9     1%          1
b - Conjure Flame         Conj/Fire      78%        6-21      1%          3
c - Inner Flame           Hex/Fire       67%        N/A       1%          3
d - Sticky Flame          Conj/Fire      78%        2d9       1%          4
e - Fireball              Conj/Fire      39%        3d16      1%          5

Your spell library contained the following spells:

 Spells                   Type           Power      Damage    Failure   Level
 Freeze                   Ice            92%        1d10      1%          1
 Animate Skeleton         Necr           46%        N/A       1%          1
 Apportation              Tloc           46%        N/A       1%          1
 Corona                   Hex            25%        N/A       1%          1
 Summon Small Mammal      Summ           92%        N/A       1%          1
 Dispel Undead            Necr           23%        3d12      17%         4
 Leda's Liquefaction      Hex/Erth       11%        N/A       17%         4
 Agony                    Necr           23%        N/A       43%         5
 Simulacrum               Ice/Necr       11%        N/A       95%         6
 Borgnjor's Revivificati  Necr           11%        N/A       100%        8
 Infestation              Necr           11%        N/A       100%        8
 Necromutation            Tmut/Necr      11%        N/A       100%        8
 Death's Door             Necr           11%        N/A       100%        9


Dungeon Overview and Level Annotations

Branches:
Dungeon (1/1)

Altars:
Ashenzari
Cheibriados
Dithmenos
Elyvilon
Fedhas
Gozag
Hepliaklqana
Kikubaaqudgha
Makhleb
Nemelex Xobeh
Okawaru
Qazlal
Ru
Sif Muna
Trog
Uskayaw
Vehumet
Wu Jian
Xom
Yredelemnul
Zin
The Shining One
Beogh
Jiyva
Lugonu

Annotations:
D 1 transporter


Message History

Unknown command.
Casting: Fireball (dangerous; 1% risk of failure)
Confirm with . or Enter, or press ? or * to list all spells.
Aiming: Fireball (dangerous; 1% risk of failure)
Press: ? - help, Shift-Dir - straight line, f - entropy weaver, p - slime creature
Aim: an entropy weaver (moderately wounded)
The fireball explodes!
The fireball engulfs the entropy weaver!
The entropy weaver is heavily wounded.
The fireball engulfs the ironbound frostheart!!
You kill the ironbound frostheart!
Vehumet accepts your kill.
The fireball engulfs the slime creature.
You kill the slime creature!
Vehumet accepts your kill. The entropy weaver misses you.
The entropy weaver hits you! The entropy weaver barely misses you.
The entropy weaver hits you.
Your Dodging skill increases to level 8!
Your Stealth skill increases to level 8!
Your Spellcasting skill increases to level 12!
Your Conjurations skill increases to level 5!
Your Fire Magic skill increases to level 15!
Your Evocations skill increases to level 6!
You have reached level 9!
Your experience leads to an increase in your attributes!
Your base attributes are Str 5, Int 23, Dex 15.
Increase (S)trength, (I)ntelligence, or (D)exterity?
You feel clever.
Unknown command.
Unknown command.
Casting: Fireball (dangerous; 1% risk of failure)
Confirm with . or Enter, or press ? or * to list all spells.
Aiming: Sticky Flame (safe; 1% risk of failure)
Press: ? - help, Shift-Dir - straight line, f/p - entropy weaver
Aim: an entropy weaver (heavily wounded, 100% to hit)
The sticky flame hits the entropy weaver.
The entropy weaver is heavily wounded.
The entropy weaver is covered in liquid flames!
The entropy weaver burns!
The entropy weaver hits you! x2
You die...

▓..©..▓..©..▓▓▓▓▓▓▓
▓▓▓▓▓▓▓▓▓▓▓▓▓▓▓▓▓▓▓
▓..8©8...▓..8©8...▓
▓..}))...▓..})=...▓
▓...)....▓..).)...▓
▓........▓........▓
▓........▓..[.....▓
▓........▓.▓.B..▓.▓
▓...©....▓...@....▓
▓▓▓▓▓▓▓▓▓▓▓▓▓▓▓▓▓▓▓


You could see an entropy weaver (burning).

Vanquished Creatures
  An ironbound frostheart (D)
  A wizard (D)
  A jumping spider (D)
  2 slime creatures (D)
  A tarantella (D)
  A golden eye (D)
  2 hell hounds (D)
  A scorpion (D)
  A crimson imp (D)
  3 jellies (D)
  An endoplasm (D)
  A quokka zombie (D)
16 creatures vanquished.

Notes
Turn   | Place    | Note
-------+----------+-------------------------------------------
     0 | D        | mhtbhm the Deep Elf Fire Elementalist began the quest for
                  | the Orb.
     0 | D        | Reached XP level 1. HP: 10/10 MP: 6/6
     0 | D        | Found a shimmering blue altar of Sif Muna.
     0 | D        | Found a bloodstained altar of Trog.
     0 | D        | Found a sacrificial altar of Ru.
     0 | D        | Found a stormy altar of Qazlal.
     0 | D        | Found an iron altar of Okawaru.
     1 | D        | Found a sparkling altar of Nemelex Xobeh.
     1 | D        | Found a blossoming altar of Fedhas.
     2 | D        | Found the +6 Majin-Bo {vamp, MP+6 Int+6}
     2 | D        | Found the +9 heavy crossbow "Sniper" {vorpal, Acc+∞ SInv}
     2 | D        | Found the +10 dark maul {vorpal}
     2 | D        | Found the +15 Maxwell's patent armour {-Cast -Tele rElec
                  | Will+ rCorr}
     2 | D        | Found the +18 shield of the Gong {rElec rN+ Will+ EV-5}
     2 | D        | Found the +14 obsidian axe {vorpal, Drain Fly SInv}
     2 | D        | Found the +7 great mace "Firestarter" {inner flame, rF++}
     2 | D        | Found the +6 shillelagh "Devastator" {shatter}
     2 | D        | Found the +11 plutonium sword {Contam Stlth-}
     2 | D        | Found the +8 lance "Wyrmbane" {slay drac, rPois rF+ rC+
                  | AC+3}
     2 | D        | Found the +9 sword of Zonguldrok {reap}
     2 | D        | Found the +13 scythe of Curses {drain, Drain}
     2 | D        | Found the +5 sword of Power {vorpal}
     2 | D        | Found the +7 mace of Variability {chain chaos}
     2 | D        | Found the +7 Singing Sword {vorpal, sonic wave}
     2 | D        | Found the +8 storm bow {elec, penet}
     3 | D        | Found a transporter.
     3 | D        | Found an ancient bone altar of Kikubaaqudgha.
     3 | D        | Found a viscous altar of Jiyva.
     3 | D        | Found a corrupted altar of Lugonu.
     3 | D        | Found a hazy altar of Hepliaklqana.
     3 | D        | Found a burning altar of Makhleb.
     3 | D        | Found an opulent altar of Gozag.
    35 | D        | Became a worshipper of Vehumet
    48 | D        | Entered arena 2.
    48 | D        | Noticed a slime creature
    48 | D        | Found a transporter.
    54 | D        | Killed a slime creature
    55 | D        | Reached skill level 9 in Fire Magic
    55 | D        | Reached XP level 2. HP: 8/15 MP: 6/11
    55 | D        | Reached XP level 3. HP: 10/19 MP: 7/13
    55 | D        | Reached XP level 4. HP: 13/24 MP: 7/14
    55 | D        | Reached XP level 5. HP: 15/28 MP: 8/16
   197 | D        | Got Sufy's Disquisition on Dusty Sinister Arts
   205 | D        | Learned a level 3 spell: Conjure Flame
   209 | D        | Learned a level 3 spell: Inner Flame
   214 | D        | Learned a level 4 spell: Sticky Flame
   220 | D        | Learned a level 5 spell: Fireball
   223 | D        | Entered arena 3.
   223 | D        | Noticed a jumping spider
   223 | D        | Noticed a tarantella
   223 | D        | Found a transporter.
   226 | D        | Reached * piety under Vehumet
   226 | D        | Offered knowledge of Magic Dart by Vehumet.
   227 | D        | Reached skill level 5 in Dodging
   227 | D        | Reached skill level 5 in Stealth
   227 | D        | Reached skill level 10 in Fire Magic
   227 | D        | Killed a tarantella
   228 | D        | Reached skill level 11 in Fire Magic
   228 | D        | Reached XP level 6. HP: 32/32 MP: 1/19
   229 | D        | Killed a jumping spider
   230 | D        | Reached skill level 12 in Fire Magic
   230 | D        | Reached XP level 7. HP: 14/36 MP: 2/22
   394 | D        | Got the +0 robe of Elyvilon's Reproof {rN+}
   424 | D        | Entered arena 4.
   424 | D        | Found a transporter.
   425 | D        | Reached ** piety under Vehumet
   425 | D        | Offered knowledge of Freeze by Vehumet.
   427 | D        | Reached skill level 10 in Spellcasting
   427 | D        | Reached *** piety under Vehumet
   485 | D        | Entered arena 5.
   485 | D        | Noticed a golden eye
   485 | D        | Found a transporter.
   486 | D        | Killed a golden eye
   486 | D        | Reached **** piety under Vehumet
   487 | D        | Reached skill level 13 in Fire Magic
   487 | D        | Reached XP level 8. HP: 41/41 MP: 22/25
   526 | D        | Entered arena 6.
   526 | D        | Noticed an ironbound frostheart
   526 | D        | Noticed a slime creature
   526 | D        | Noticed a wizard
   526 | D        | Noticed an entropy weaver
   526 | D        | Found a transporter.
   527 | D        | Found the +8 trident of the Octopus King {venom, rElec
                  | rPois Will+}
   527 | D        | Killed a wizard
   528 | D        | Reached skill level 14 in Fire Magic
   528 | D        | Reached skill level 5 in Evocations
   529 | D        | Killed an ironbound frostheart
   529 | D        | Killed a slime creature
   530 | D        | Reached skill level 5 in Conjurations
   530 | D        | Reached skill level 15 in Fire Magic
   530 | D        | Reached XP level 9. HP: 28/45 MP: 20/27
   530 | D        | Slain by an entropy weaver

Illustrated notes

Levels and vault maps discovered:
D:        sprint_v [room_start, room_1, room_2, room_3, room_4, room_5, room_6,
          room_7, room_8, room_9, room_10, room_11, room_12, room_13, room_14,
          room_15, room_16, room_17, room_18, room_19, room_20, room_21,
          room_22, room_23, room_24, room_25, room_26, room_27]

Skill      XL: |  1  2  3  4  5  6  7  8 |
---------------+-------------------------+-----
Dodging        | 4 5 6 7 8 |  8.4
Stealth        | 4 5 6 7 8 |  8.0
Spellcasting   | 6 8 9 11 12 | 12.8
Fire Magic     | 9 11 12 13 15 | 15.2
Evocations     | 2 3 4 6 |  6.5
Conjurations   | 2 3 4 5 |  5.6

Action                   |  1- 3 |  4- 6 |  7- 9 || total
-------------------------+-------+-------+-------++-------
 Cast: Fireball          |       |     2 |     2 ||     4
       Sticky Flame      |       |       |     1 ||     1
Evoke: Wand              |     5 |       |     4 ||     9
       Lightning rod     |       |     3 |       ||     3
       Tin of tremorston |       |       |     1 ||     1
  Use: Scroll            |     1 |       |       ||     1
Armor: Robe              |       |     1 |       ||     1
Dodge: Dodged            |       |     1 |     2 ||     3

Table legend: (Time is in decaauts)
 A = Elapsed time spent in this place.
 B = Non-inter-level travel time spent in this place.
 C = Inter-level travel time spent in this place.
 D = Time resting spent in this place.
 E = Time spent auto-exploring this place.
 F = Levels seen in this place.
 G = Mean time per level.
                   A        B        C        D        E       F      G
               +--------+--------+--------+--------+--------+-----+--------+
         Total |    528 |    528 |      0 |    378 |      0 |   1 |  528.0 |
       Dungeon |    528 |    528 |      0 |    378 |      0 |   1 |  528.0 |
               +--------+--------+--------+--------+--------+-----+--------+

Top non-repeatable levels by time:
       D: 528 daAuts
